 Dungeon Crawl Stone Soup version 0.18.1-48-g4cf74bf (webtiles) character file.

111398 demott the Covert (level 16, -2/112 HPs)
             Began as an Octopode Venom Mage on July 20, 2016.
             Was an Initiate of Gozag.
             Slain by a flail of holy wrath (22 damage)
             ... on level 1 of the Elven Halls on July 21, 2016.
             The game lasted 10:20:29 (36984 turns).

demott the Covert (Octopode Venom Mage)            Turns: 36984, Time: 10:20:31

Health: -2/112     AC:  7    Str:  9    XL:     16   Next: 57%
Magic:  32/41      EV: 16    Int: 23    God:    Gozag
Gold:   431        SH:  3    Dex: 12    Spells: 9 memorised, 14 levels left

rFire  + . .     SeeInvis +     a - +6 longbow (freeze)
rCold  + . .     Gourm    .     (shield currently unavailable)
rNeg   . . .     Faith    .     (helmet restricted)
rPois  .         Spirit   .     v - +3 amulet of reflection
rElec  .         Dismiss  .     g - ring of magical power
rCorr  .         Reflect  +     s - +5 ring of protection
SustAt .         Harm     .     q - ring of protection from cold
MR     +++..     Rnd*Rage +     J - ring of protection from magic
Stlth  ++++++++..               k - ring of fire
                                i - ring of protection from magic
                                M - ring of see invisible
                                A - ring of stealth

@: about to teleport, gold aura, extremely resistant to hostile enchantments,
extraordinarily stealthy
A: almost no armour, amphibious, 8 rings, constrict 8, rugged brown scales 1,
camouflage 1, berserk 1, cold resistance 1, gelatinous body 1
a: Potion Petition, Call Merchant, Bribe Branch, Renounce Religion


You were on level 1 of the Elven Halls.
You worshipped Gozag.
Gozag was noncommittal.
You were not hungry.

You visited 7 branches of the dungeon, and saw 29 of its levels.
You also visited: Ossuary, Bailey, Ice Cave and Volcano.

You collected 11422 gold pieces.
You spent 6100 gold pieces at shops.
You paid 4594 gold pieces to Gozag.

Inventory:

Hand Weapons
 a - a +6 longbow of freezing (weapon)
 b - a +2 flail of protection
 c - a +2 dagger of speed
 d - a +1 glaive of venom
 p - a +2 great sword of holy wrath
 N - the +1 long sword of Veelinim {slice, rPois rC+}
   (You found it on level 14 of the Dungeon)

   It inflicts extra damage upon your enemies.
   It protects you from cold.
   It protects you from poison.
Missiles
 w - 225 arrows (quivered)
Jewellery
 g - a ring of magical power (left tentacle)
 i - a ring of protection from magic (on tentacle)
 k - a ring of fire (on tentacle)
 q - a ring of protection from cold (on tentacle)
 s - a +5 ring of protection (right tentacle)
 v - a +3 amulet of reflection (around mantle)
 y - an uncursed ring of flight
 A - a ring of stealth (on tentacle)
 I - a +2 ring of protection
 J - a ring of protection from magic (on tentacle)
 M - a ring of see invisible (on tentacle)
Wands
 l - a wand of confusion (21/48)
 t - a wand of digging (12/24)
 T - a wand of acid (1/15)
 V - a wand of lightning (3/15)
 Y - a wand of disintegration (2/24)
Scrolls
 e - a scroll of enchant armour
 h - 15 scrolls of identify
 r - a scroll of acquirement
 x - a scroll of teleportation
 C - 9 scrolls of remove curse
 R - 2 scrolls of magic mapping
Potions
 f - 3 potions of berserk rage
 j - 2 potions of resistance
 u - 3 potions of flight
 B - 4 potions of curing
 P - a potion of heal wounds
Miscellaneous
 n - a sack of spiders {used: 10}
Comestibles
 m - 3 bread rations
 o - 5 beef jerkies


   Skills:
 * Level 10.2 Fighting
 + Level 1.3 Short Blades
 + Level 2.9 Maces & Flails
 + Level 5.3 Polearms
 + Level 10.3 Bows
 + Level 1.8 Throwing
 + Level 8.6 Dodging
 + Level 13.1 Stealth
   Level 7.2 Shields
 + Level 0.8 Unarmed Combat
 + Level 12.8 Spellcasting
 + Level 7.3 Conjurations
 - Level 8.0 Hexes
 - Level 4.0 Translocations
 - Level 4.0 Transmutations
 * Level 2.0 Fire Magic
 - Level 4.0 Air Magic
 + Level 8.3 Poison Magic
 + Level 5.5 Evocations


You had 14 spell levels left.
You knew the following spells:

 Your Spells              Type           Power        Failure   Level  Hunger
a - Sting                 Conj/Pois      ####         1%          1    None
b - Searing Ray           Conj           #####.       1%          2    None
c - Confuse               Hex            ######..     1%          3    None
d - Mephitic Cloud        Conj/Pois/Air  #####...     1%          3    None
e - Spider Form           Trmt/Pois      #####.....   1%          3    None
f - Dazzling Spray        Conj/Hex       ######       1%          3    None
g - Ignite Poison         Fire/Trmt/Pois ######..     1%          3    None
h - Fulminant Prism       Conj/Hex       ######....   1%          4    None
i - Force Lance           Conj/Tloc      #####...     6%          4    None


Dungeon Overview and Level Annotations

Branches:
Dungeon (15/15)            Temple (1/1) D:6            Lair (8/8) D:8
 Shoals (0/4) Lair:3        Snake (1/4) Lair:6        Slime (0/6) Lair:6
    Orc (2/2) D:10            Elf (1/3) Orc:2        Vaults (0/5) D:14
 Depths (1/5) D:15

Altars:
Ashenzari
Cheibriados
Dithmenos
Elyvilon
Gozag
Kikubaaqudgha
Nemelex Xobeh
Okawaru
Pakellas
Qazlal
Ru
Sif Muna
Trog
Vehumet
Xom
Yredelemnul
Zin
The Shining One
Beogh

Shops:
D:4 =:[(   Orc:1 *   Orc:2 *?([?   Lair:1 *:   Lair:7 *:*

Annotations:
D:4 Tabkey's ghost, novice FoFi
Lair:5 Rupert


Innate Abilities, Weirdness & Mutations

You cannot wear most types of armour.
You are amphibious.
You can wear up to eight rings at the same time.
You can use your tentacles to constrict eight enemies at once.
Your skin changes colour to match your surroundings (Stealth).
Your rubbery body absorbs attacks (AC +1).
You are partially covered in rugged brown scales (AC +1, +3% HP).
You tend to lose your temper in combat.
Your flesh is cold resistant.


Message History

The deep elf mage gestures wildly while chanting.
The deep elf mage blinks!
The deep elf mage mumbles some strange words.
The deep elf mage blinks!
The deep elf mage mumbles some strange words.
The deep elf mage blinks!
A dancing weapon and a faun come into view.
The deep elf mage is no longer distracted by gold.
The air elemental misses you.
The deep elf knight casts a spell at you.
The stone arrow hits you!
* * * LOW HITPOINT WARNING * * *
The deep elf mage casts a spell.
The deep elf mage mumbles some strange words.
The deep elf mage blinks!
The deep elf mage gestures wildly while chanting.
The mace of protection is engulfed in roaring flames.
The air elemental misses you. The flail of holy wrath hits you!!
You die...
Your body crumbles into a pile of gold.

≈≈≈..# ..
####$#### #
#.e.r...# .
#eee....#.#
.#s.e§e.e#.#
c(§ee8((...
#.§.e.EE#
#eE.§..E#
#...e.(@#
####.####
... ...
..... ....
....


You could see 4 deep elf archers, 2 deep elf knights, an earth elemental, 6 deep
elf magi, 2 fire elementals, an air elemental, a tarantella, a hell rat and 4
dancing weapons.

Vanquished Creatures
  A frost giant (IceCv)
  2 orc warlords (Orc:2)
  Azrael (D:15)
  The ghost of Doomgape the Severer, a journeyman MiFi of Okawaru (Lair:4)
  The ghost of Crag the Cleaver, a journeyman HOFi of Gozag (Lair:2)
  2 fire dragons
  An ice dragon (Orc:1)
  2 centaur warriors
  7 hydras
  An anaconda (Snake:1)
  Erolcha (D:9)
  10 death yaks (Lair:8)
  3 tengu warriors
  A vampire mage (D:15)
  A titan zombie (D:15)
  The ghost of Crag the Protected, a novice HOFi (D:8)
  4 skeletal warriors
  2 unseen horrors
  3 deep elf magi
  4 hill giants
  A lindwurm (Lair:8)
  A wolf spider (D:15)
  An ugly thing (D:11)
  5 orc knights
  A griffon (Lair:8)
  7 orc sorcerers
  The ghost of drjones the Slasher, a novice HEFi of Makhleb (D:6)
  18 elephants
  Psyche (D:10)
  2 salamanders (Snake:1)
  Joseph (D:7)
  2 sirens (Lair:3)
  12 black mambas
  3 centaur zombies
  15 spiny frogs
  2 gargoyles
  3 naga magi (Snake:1)
  7 torpor snails (Lair:8)
  A spiny frog (shapeshifter) (D:13)
  6 kobold demonologists
  3 rime drakes
  3 yaktaurs (D:15)
  3 efreet
  8 komodo dragons
  2 merfolk (Lair:3)
  2 two-headed ogres
  A queen bee (shapeshifter) (D:14)
  5 trolls
  4 giant leeches (Lair:8)
  21 polar bears
  Grinder (D:5)
  A boulder beetle (Lair:6)
  25 blink frogs
  3 slime creatures
  A spriggan (D:7)
  3 shadows
  A wraith (D:9)
  3 fire elementals
  44 yaks
  3 wyverns
  6 basilisks
  9 vampire mosquitoes
  2 hungry ghosts
  Grum (D:9)
  A naga (Snake:1)
  5 hippogriffs
  A warg (Orc:2)
  A hell hound (D:15)
  12 porcupines
  16 water moccasins
  35 orc warriors
  5 ice beasts
  2 phantoms
  3 black bears
  2 sky beasts
  5 wasps
  12 ogres
  3 necrophages
  An eye of draining (D:12)
  7 centaurs
  18 crocodiles
  19 wolves
  6 big kobolds
  An earth elemental (Volcano)
  16 giant frogs
  A gnoll sergeant (D:11)
  2 water moccasin zombies
  4 scorpions
  A wyvern skeleton (D:12)
  15 wights
  14 killer bees
  An electric eel (Lair:4)
  A howler monkey (D:8)
  3 giant frog zombies
  8 crimson imps
  15 orc priests
  A lava snake (Volcano)
  A quasit (D:10)
  8 jellies
  7 centaur skeletons
  6 hounds
  A giant frog skeleton (D:7)
  20 orc wizards
  Jessica (D:3)
  7 iguanas
  4 hell rats (Lair:6)
  12 worker ants
  7 sheep
  A hound zombie (D:9)
  13 mummies
  A howler monkey zombie (D:9)
  15 gnolls
  39 river rats
  10 adders
  7 shadow imps
  2 white imps (D:14)
  An adder zombie (D:5)
  An adder skeleton (D:8)
  19 worms
  3 dart slugs
  11 giant geckos
  97 orcs
  2 ball pythons
  6 giant cockroaches
  13 hobgoblins
  15 jackals
  39 kobolds
  A quokka (D:2)
  21 bats
  5 giant newts
  A gnoll skeleton (Ossuary)
  15 goblins
  A goblin skeleton (Ossuary)
  A goblin zombie (D:6)
  A jackal skeleton (D:7)
  3 kobold skeletons (Ossuary)
  3 orc skeletons (Ossuary)
  An orc zombie (D:6)
  15 rats
  11 rat skeletons (Ossuary)
  A fire vortex (Volcano)
  3 fulminant prisms
  13 fungi
  8 plants
1004 creatures vanquished.

Vanquished Creatures (collateral kills)
  A hydra (D:14)
  2 centaur warriors
  A death yak (Lair:8)
  A skeletal warrior (D:15)
  An unseen horror (D:14)
  A hill giant (D:13)
  An orc knight (D:15)
  A necromancer (D:15)
  A black mamba (Snake:1)
  A toenail golem (Volcano)
  2 molten gargoyles (Volcano)
  An ice statue (D:14)
  A torpor snail (shapeshifter) (D:13)
  2 gargoyles
  A redback zombie (D:13)
  An ice devil (D:14)
  A polar bear (D:14)
  2 trolls (D:13)
  3 slime creatures (D:14)
  A two-headed ogre (D:14)
  A hornet zombie (D:15)
  2 vampires (D:14)
  2 shadows
  5 yaks
  A vampire mosquito (D:14)
  A fire elemental (D:15)
  2 hippogriffs (D:14)
  A water moccasin (D:13)
  2 orc warriors
  3 ice beasts (D:14)
  2 big kobolds (D:14)
  A giant frog (D:13)
  A scorpion (D:14)
  2 killer bees (D:8)
  A wight (D:15)
  2 hounds (D:12)
  3 worker ants (D:14)
  An adder (D:12)
  A white imp (D:14)
  5 orcs
  A goblin (D:14)
  4 kobolds (D:14)
  A plant (Lair:8)
71 creatures vanquished.

Vanquished Creatures (others)
  A merfolk impaler (D:15)
  A fire giant zombie (D:15)
  A centaur skeleton (D:15)
  4 polar bears
  2 deep troll skeletons (D:15)
  3 wolves (IceCv)
  A mummy (Ossuary)
  23 fulminant prisms
  27 fungi
  25 plants
  7 withered plants (D:15)
95 creatures vanquished.

Grand Total: 1170 creatures vanquished

Notes
Turn   | Place    | Note
--------------------------------------------------------------
     0 | D:1      | demott the Octopode Venom Mage began the quest for the Orb.
     0 | D:1      | Reached XP level 1. HP: 11/11 MP: 3/3
    17 | D:1      | Reached skill level 5 in Poison Magic
   107 | D:1      | Reached XP level 2. HP: 17/17 MP: 1/5
   468 | D:2      | Found a bloodstained altar of Trog.
   480 | D:2      | Reached XP level 3. HP: 21/21 MP: 6/6
   536 | D:2      | Found a white marble altar of Elyvilon.
   560 | D:2      | Reached skill level 3 in Stealth
   786 | D:2      | Reached XP level 4. HP: 25/27 MP: 7/7
  1635 | D:3      | Noticed Jessica
  1636 | D:3      | Killed Jessica
  1636 | D:3      | Reached XP level 5. HP: 30/31 MP: 8/8
  1811 | D:3      | Reached skill level 1 in Conjurations
  2087 | D:3      | You fall through a shaft!
  2095 | D:4      | Reached skill level 1 in Fighting
  2127 | D:4      | Found Lufrint's Weapon Boutique.
  2260 | D:4      | Reached skill level 4 in Stealth
  2279 | D:4      | Found Oxeen's Jewellery Shoppe.
  2328 | D:4      | Found Letwaeb's Book Shoppe.
  2344 | D:4      | Found Tuxer's Armour Shop.
  2387 | D:4      | Noticed Tabkey's ghost (novice FoFi)
  2498 | D:4      | Reached XP level 6. HP: 30/39 MP: 10/10
  2953 | D:3      | Found an oddly glowing altar of Pakellas.
  2953 | D:3      | Found a deep blue altar of Sif Muna.
  2953 | D:3      | Found a stormy altar of Qazlal.
  3313 | D:5      | Entered Level 5 of the Dungeon
  3328 | D:5      | Found a basalt altar of Yredelemnul.
  3335 | D:5      | Found a glowing silver altar of Zin.
  3405 | D:5      | Found an ancient bone altar of Kikubaaqudgha.
  3549 | D:5      | Reached skill level 5 in Stealth
  3549 | D:5      | Reached XP level 7. HP: 45/45 MP: 12/12
  3631 | D:5      | Noticed Grinder
  4066 | D:5      | Reached skill level 5 in Spellcasting
  4397 | D:5      | Reached XP level 8. HP: 48/51 MP: 15/15
  4561 | D:5      | Reached skill level 1 in Bows
  4850 | D:6      | Found a staircase to the Ecumenical Temple.
  4895 | Temple   | Entered the Ecumenical Temple
  4912 | Temple   | Became a worshipper of Gozag Ym Sagoz the Greedy
  4936 | D:6      | Noticed drjones's ghost (novice HEFi)
  5015 | D:6      | Found a sand-covered staircase.
  5168 | Ossuary  | Entered an ossuary
  5319 | Ossuary  | Identified a scroll of acquirement
  5653 | Ossuary  | Gained mutation: Your flesh is cold resistant. [potion of beneficial mutation]
  5671 | Ossuary  | Gained mutation: You are partially covered in rugged brown scales (AC +1, +3% HP). [potion of mutation]
  5671 | Ossuary  | Gained mutation: You tend to lose your temper in combat. [potion of mutation]
  5700 | Ossuary  | Learned a level 3 spell: Mephitic Cloud
  5829 | D:6      | Reached skill level 6 in Stealth
  5991 | D:6      | Reached skill level 1 in Maces & Flails
  6088 | D:7      | Noticed Joseph
  6249 | D:7      | Reached skill level 7 in Stealth
  6311 | D:7      | Reached XP level 9. HP: 59/59 MP: 17/17
  6576 | D:4      | Bought a cursed -2 ring of dexterity for 26 gold pieces
  6576 | D:4      | Bought a cursed amulet of inaccuracy for 26 gold pieces
  6576 | D:4      | Bought a +2 ring of protection for 130 gold pieces
  7460 | D:7      | Found a shadowy altar of Dithmenos.
  7575 | D:7      | Reached skill level 1 in Shields
  8037 | D:7      | Found a shimmering altar of Xom.
  8210 | D:8      | Found a radiant altar of Vehumet.
  8215 | D:8      | Noticed Crag's ghost (novice HOFi)
  8503 | D:7      | Killed Joseph
  8503 | D:7      | Reached skill level 8 in Stealth
  8829 | D:8      | Reached skill level 5 in Bows
  8979 | D:8      | Reached skill level 5 in Fighting
  8979 | D:8      | Reached XP level 10. HP: 47/67 MP: 19/19
  9790 | D:8      | Found an iron altar of Okawaru.
 10232 | D:4      | Bought an uncursed ring of protection from magic for 325 gold pieces
 10277 | D:4      | Bought a book of Misfortune for 280 gold pieces
 10292 | D:4      | Learned a level 3 spell: Confuse
 10525 | D:5      | Killed Grinder
 10731 | D:8      | Found a staircase to the Lair.
 10866 | D:9      | Found a glowing silver altar of Zin.
 10944 | D:9      | Noticed Erolcha
 11041 | D:8      | Killed Crag's ghost
 11041 | D:8      | Reached skill level 1 in Short Blades
 11041 | D:8      | Reached skill level 5 in Dodging
 11041 | D:8      | Reached skill level 1 in Hexes
 11207 | D:9      | Found a sparkling altar of Nemelex Xobeh.
 11513 | D:9      | Noticed Grum
 11556 | D:9      | Killed Grum
 11657 | D:9      | Reached skill level 1 in Evocations
 11997 | Lair:1   | Entered Level 1 of the Lair of Beasts
 11998 | Lair:1   | Noticed a spiny frog
 12008 | Lair:1   | Killed a spiny frog
 12008 | Lair:1   | Reached XP level 11. HP: 74/74 MP: 16/21
 12699 | Lair:1   | Reached skill level 5 in Shields
 13558 | Lair:2   | Noticed Crag's ghost (journeyman HOFi)
 14138 | D:10     | Entered Level 10 of the Dungeon
 14306 | D:10     | Reached skill level 5 in Hexes
 14528 | D:10     | Reached skill level 9 in Stealth
 14573 | D:10     | Found an oddly glowing altar of Pakellas.
 14745 | D:10     | Noticed a hill giant
 14797 | D:10     | Noticed Psyche
 14810 | D:10     | Killed Psyche
 14930 | D:10     | Noticed a hill giant
 14963 | D:10     | Killed a hill giant
 15032 | D:10     | Found a staircase to the Orcish Mines.
 15159 | D:10     | You fall through a shaft for 2 floors!
 15453 | D:11     | Noticed a hill giant
 15464 | D:11     | Noticed a green ugly thing
 15514 | D:11     | Reached XP level 12. HP: 80/80 MP: 23/23
 16359 | D:10     | Reached skill level 1 in Air Magic
 16467 | D:6      | Killed drjones's ghost
 16580 | D:4      | Bought a book of Conjurations for 420 gold pieces
 16580 | D:4      | Bought a book of Changes for 350 gold pieces
 16583 | D:4      | Learned a level 2 spell: Searing Ray
 16587 | D:4      | Learned a level 3 spell: Spider Form
 16728 | Orc:1    | Entered Level 1 of the Orcish Mines
 16811 | Orc:1    | Found a frozen archway.
 16814 | Orc:1    | Noticed an ice dragon
 16958 | Orc:1    | Killed an ice dragon
 16958 | Orc:1    | Reached skill level 1 in Transmutations
 16992 | IceCv    | Entered an ice cave
 17131 | IceCv    | Reached skill level 1 in Throwing
 17996 | IceCv    | Noticed a frost giant
 18142 | IceCv    | Reached XP level 13. HP: 71/85 MP: 21/25
 18147 | IceCv    | Reached skill level 5 in Evocations
 18462 | IceCv    | Killed a frost giant
 18640 | IceCv    | Got a twisted mace
 18641 | IceCv    | Identified the +7 mace of Moliwap {flame, Str+3} (You found it in an ice cave)
 18834 | Orc:1    | Found Cicai's Assorted Antiques.
 18879 | Orc:1    | Bought a scroll labeled XAXZAL VIUSCH for 33 gold pieces
 18880 | Orc:1    | Bought a dented malachite amulet for 165 gold pieces
 19003 | Orc:2    | Entered Level 2 of the Orcish Mines
 19874 | Orc:2    | Found a roughly hewn altar of Beogh.
 19887 | Orc:2    | Found Giwilan's Magic Scroll Shoppe.
 19894 | Orc:2    | Bought a scroll of summoning for 152 gold pieces
 19894 | Orc:2    | Bought a scroll of identify for 32 gold pieces
 19894 | Orc:2    | Bought a scroll of identify for 32 gold pieces
 19894 | Orc:2    | Bought a scroll of identify for 32 gold pieces
 19894 | Orc:2    | Bought a scroll of brand weapon for 320 gold pieces
 19905 | Orc:2    | Found a staircase to the Elven Halls.
 19943 | Orc:2    | Found a roughly hewn altar of Beogh.
 20079 | Orc:2    | Found Qeever's Assorted Antiques.
 20540 | Orc:2    | Noticed an orc warlord
 20629 | Orc:2    | Killed an orc warlord
 20751 | Orc:2    | Found a roughly hewn altar of Beogh.
 20833 | Orc:2    | Found Recacara's Magic Scroll Emporium.
 20841 | Orc:2    | Bought a scroll of enchant weapon for 105 gold pieces
 20841 | Orc:2    | Bought a scroll of recharging for 133 gold pieces
 20841 | Orc:2    | Bought a scroll of amnesia for 49 gold pieces
 20889 | Orc:2    | Learned a level 3 spell: Dazzling Spray
 21064 | Orc:2    | Reached skill level 10 in Bows
 21330 | Orc:2    | Noticed an orc warlord
 21358 | Orc:2    | Found Kuplioff's Antique Armour Shop.
 21369 | Orc:2    | Found Nesic's Antique Weapon Boutique.
 21371 | Orc:2    | Found a roughly hewn altar of Beogh.
 21414 | Orc:2    | Killed an orc warlord
 21613 | Orc:2    | Bought a scroll of teleportation for 42 gold pieces
 21613 | Orc:2    | Bought a scroll of identify for 28 gold pieces
 21613 | Orc:2    | Bought a scroll of identify for 28 gold pieces
 21613 | Orc:2    | Bought a scroll of identify for 28 gold pieces
 21613 | Orc:2    | Bought a scroll of identify for 28 gold pieces
 21613 | Orc:2    | Bought a scroll of identify for 28 gold pieces
 21934 | Lair:1   | Learned a level 4 spell: Fulminant Prism
 22253 | D:9      | Killed Erolcha
 22338 | D:9      | Found a sacrificial altar of Ru.
 22509 | D:12     | Reached skill level 10 in Stealth
 22972 | D:12     | Reached skill level 1 in Polearms
 22972 | D:12     | Reached XP level 14. HP: 70/92 MP: 27/27
 23477 | Lair:2   | Killed Crag's ghost
 24218 | Lair:3   | Found a staircase to the Shoals.
 24891 | Lair:4   | Noticed Doomgape's ghost (journeyman MiFi)
 25086 | Lair:4   | Reached skill level 10 in Spellcasting
 25346 | Lair:4   | Killed Doomgape's ghost
 25682 | Lair:5   | Reached skill level 5 in Conjurations
 25747 | Lair:5   | Noticed Rupert
 26174 | Lair:6   | Found a staircase to the Snake Pit.
 27084 | Lair:6   | Found a staircase to the Slime Pits.
 27195 | Lair:6   | Reached skill level 11 in Stealth
 27551 | Lair:7   | Found a dark tunnel.
 27559 | Lair:7   | Bought a scroll of amnesia for 45 gold pieces
 27559 | Lair:7   | Bought a potion of brilliance for 52 gold pieces
 27561 | Lair:7   | Bought a glowing glass wand for 112 gold pieces
 27561 | Lair:7   | Bought a scroll of magic mapping for 98 gold pieces
 27561 | Lair:7   | Bought a white potion for 25 gold pieces
 27587 | Volcano  | Entered a volcano
 27693 | Volcano  | Learned a level 4 spell: Force Lance
 27720 | Volcano  | Found a burning altar of Makhleb.
 27962 | Lair:7   | Reached XP level 15. HP: 101/101 MP: 29/29
 28120 | Lair:7   | Bought a scroll of summoning for 266 gold pieces
 28120 | Lair:7   | Bought a wand of disintegration for 112 gold pieces
 28121 | Lair:7   | Bought a scroll of fear for 45 gold pieces
 28579 | Lair:8   | Entered Level 8 of the Lair of Beasts
 29387 | Lair:8   | Found a runed door.
 29927 | Lair:8   | Reached skill level 12 in Stealth
 30736 | D:12     | Hired Xuteibb the merfolk for 297 gold.
 30952 | D:13     | Found a shattered altar of Ashenzari.
 31449 | D:14     | Found a flagged portal.
 31470 | D:14     | Reached skill level 1 in Translocations
 31475 | Bailey   | Entered a bailey
 31654 | Bailey   | Got a crystal greatsling
 31655 | Bailey   | Identified the cursed +0 greatsling "Hyibbim" {freeze, rN+ Str+4 Int+2 Dex+3} (You took it off a goblin in a bailey)
 32024 | D:14     | Got a crude long sword
 32025 | D:14     | Identified the +1 long sword of Veelinim {slice, rPois rC+} (You found it on level 14 of the Dungeon)
 32254 | D:14     | Found a gate to the Vaults.
 32864 | D:15     | Entered Level 15 of the Dungeon
 32959 | D:15     | Reached skill level 5 in Polearms
 33238 | D:15     | Found a staircase to the Depths.
 33242 | D:15     | Noticed Azrael
 33243 | D:15     | Reached XP level 16. HP: 107/111 MP: 32/32
 33253 | D:15     | Your ally Xuteibb died
 33618 | D:15     | Killed Azrael
 33891 | D:14     | Got an encrusted hunting sling
 33999 | D:11     | Identified the +12 hunting sling of Mutilation {venom, +Blink Int+2 SInv} (You found it on level 14 of the Dungeon)
 34105 | Lair:1   | Bought a potion of curing for 48 gold pieces
 34105 | Lair:1   | Bought a scroll of summoning for 152 gold pieces
 34152 | Lair:1   | Bought a book of Fire for 1300 gold pieces
 34156 | Lair:1   | Learned a level 3 spell: Ignite Poison
 34682 | Lair:8   | Reached skill level 13 in Stealth
 34685 | Lair:8   | Reached skill level 1 in Fire Magic
 35195 | Snake:1  | Entered Level 1 of the Snake Pit
 35294 | Snake:1  | Reached skill level 10 in Fighting
 36414 | Depths:1 | Entered Level 1 of the Depths
 36664 | D:4      | Bought an uncursed ring of protection from cold for 325 gold pieces
 36895 | Orc:2    | Bought a scroll of acquirement for 728 gold pieces
 36971 | Elf:1    | Entered Level 1 of the Elven Halls
 36984 | Elf:1    | Slain by a flail of holy wrath

Skill      XL: |  1  2  3  4  5  6  7  8  9 10 11 12 13 14 15 16 |
---------------+-------------------------------------------------+-----
Poison Magic   | 5 6 8 |  8.3
Stealth        | 3 4 5 7 8 9 10 11 12 13 | 13.1
Conjurations   | 1 2 3 4 6 7 |  7.3
Fighting       | 1 2 4 5 6 8 9 10 | 10.2
Spellcasting   | 3 5 6 7 8 9 10 12 | 12.8
Bows           | 2 5 6 7 9 10 | 10.3
Dodging        | 3 4 5 6 8 |  8.6
Maces & Flails | 1 2 |  2.9
Shields        | 2 4 5 7 |  7.2
Short Blades   | 1 |  1.3
Hexes          | 2 5 6 8 |  8.0
Evocations     | 1 3 4 5 |  5.5
Air Magic      | 1 4 |  4.0
Transmutations | 2 4 |  4.0
Throwing       | 1 |  1.8
Polearms       | 1 4 5 |  5.3
Translocations | 2 4 |  4.0
Fire Magic     | 2 |  2.0
Unarmed Combat | |  0.8

Action                   |  1- 3 |  4- 6 |  7- 9 | 10-12 | 13-15 | 16-18 || total
-------------------------+-------+-------+-------+-------+-------+-------++-------
Melee: Unarmed           |    40 |    71 |       |       |       |       ||   111
       Constrict         |     9 |    15 |    24 |    63 |    76 |     2 ||   189
       Tentacles         |     4 |    13 |    29 |    77 |    85 |     9 ||   217
       Dagger            |       |       |   104 |   166 |    91 |       ||   361
       Shortbow          |       |       |     3 |     1 |       |       ||     4
       Mace              |       |       |    47 |   266 |       |       ||   313
       Spear             |       |       |       |    23 |       |       ||    23
       Punch             |       |       |       |     3 |     2 |       ||     5
       Flail             |       |       |       |     3 |    29 |       ||    32
       Glaive            |       |       |       |       |   569 |    49 ||   618
       Morningstar       |       |       |       |       |     1 |       ||     1
       Longbow           |       |       |       |       |       |     1 ||     1
 Fire: Shortbow          |       |       |   190 |   572 |   456 |       ||  1218
       Longbow           |       |       |       |       |   702 |   214 ||   916
Throw: Tomahawk          |       |       |     1 |    23 |    26 |     1 ||    51
       Throwing net      |       |       |       |       |     1 |     1 ||     2
 Cast: Sting             |    46 |    84 |    73 |    29 |     2 |     1 ||   235
       Mephitic Cloud    |       |       |     1 |    11 |    38 |    13 ||    63
       Confuse           |       |       |       |   138 |   437 |    80 ||   655
       Searing Ray       |       |       |       |     4 |       |       ||     4
       Spider Form       |       |       |       |       |     1 |       ||     1
       Fulminant Prism   |       |       |       |       |     6 |    20 ||    26
       Dazzling Spray    |       |       |       |       |     4 |     2 ||     6
       Force Lance       |       |       |       |       |     3 |     3 ||     6
       Ignite Poison     |       |       |       |       |       |     9 ||     9
Invok: Call Merchant     |       |       |       |       |     3 |     2 ||     5
 Abil: End Transformatio |       |       |       |       |     1 |       ||     1
Evoke: Wand              |       |     3 |    12 |    37 |    19 |    31 ||   102
       Sack of spiders   |       |       |       |       |     6 |     6 ||    12
       Deck              |       |       |       |       |     1 |       ||     1
  Use: Potion            |       |     6 |    10 |    12 |     9 |     7 ||    44
       Scroll            |       |     8 |    12 |    12 |    22 |     7 ||    61
 Stab: Sleeping          |     1 |    10 |    25 |    22 |    42 |       ||   100
       Confused          |       |       |     1 |    21 |    80 |     7 ||   109
       Distracted        |       |       |     1 |     2 |     7 |     1 ||    11
       Held in net/web   |       |       |       |       |       |     2 ||     2
  Eat: Chunk             |       |     7 |     4 |       |       |       ||    11
       Bread ration      |       |     1 |     3 |     7 |     7 |     1 ||    19
       Royal jelly       |       |       |     1 |       |       |       ||     1
       Pizza             |       |       |       |     1 |     1 |       ||     2
       Fruit             |       |       |       |       |     3 |       ||     3
       Meat ration       |       |       |       |       |     4 |     1 ||     5
       Beef jerky        |       |       |       |       |     1 |       ||     1
Armor: Skin              |     3 |     9 |    39 |   203 |    88 |    19 ||   361
Dodge: Dodged            |    29 |    39 |    86 |   335 |   298 |    69 ||   856
Block: Buckler           |       |       |       |    10 |       |       ||    10
       Other             |       |       |       |    11 |    52 |     8 ||    71
       Reflection        |       |       |       |       |     2 |       ||     2
